 Dungeon Crawl Stone Soup version 0.22-a0-866-geee5034 (webtiles) character file.

1551 jjfam the Chopper (level 8, -2/73 HPs)
             Began as a Hill Orc Fighter on July 28, 2018.
             Was a Follower of Ashenzari.
             Slain by seren's ghost (12 damage)
             ... on level 6 of the Dungeon.
             The game lasted 00:14:50 (7384 turns).

jjfam the Chopper (Hill Orc Fighter)                Turns: 7384, Time: 00:14:51

Health: -2/73      AC: 12    Str: 20    XL:     8   Next: 88%
Magic:  8/8        EV:  8    Int:  8    God:    Ashenzari [*.....]
Gold:   321        SH: 10    Dex: 11    Spells: 7/7 levels left

rFire    . . .     SeeInvis .   a - +0 war axe
rCold    . . .     Gourm    .   c - +0 shield
rNeg     . . .     Faith    .   i - +0 plate armour
rPois    .         Spirit   .   (no helmet)
rElec    .         Reflect  .   (no cloak)
rCorr    .         Harm     .   (no gloves)
MR       .....                  (no boots)
Stlth    ..........             (no amulet)
HPRegen  0.22/turn              t - +4 ring of evasion (curse)
MPRegen  0.11/turn              (no ring)

@: no status effects
A: no striking features
a: Curse Item, Scrying, Renounce Religion


You were on level 6 of the Dungeon.
You worshipped Ashenzari.
Ashenzari was aware of your devotion.
You were not hungry.

You visited 1 branch of the dungeon, and saw 6 of its levels.
You also visited: Sewer.

You collected 321 gold pieces.

Inventory:

Hand Weapons
 a - a +0 war axe (weapon)
Armour
 b - a +0 scale mail
 c - a +0 shield (worn)
 i - a +0 plate armour (worn)
 y - a +0 troll leather armour {Purgy}
Jewellery
 t - a cursed +4 ring of evasion (left hand)
Wands
 v - a wand of digging (10)
Scrolls
 h - 3 scrolls of identify
 k - 8 scrolls of teleportation
 o - 2 scrolls of noise {unknown}
 q - a scroll of immolation {unknown}
 r - a scroll of fog {unknown}
 s - 2 scrolls of amnesia {unknown}
 u - 2 scrolls of magic mapping {unknown}
 x - a scroll of enchant armour {unknown}
Potions
 d - 2 potions of might
 e - 2 potions of lignification (quivered)
 g - 2 potions of magic {unknown}
 j - 2 potions of invisibility {unknown}
 l - 2 potions of brilliance {unknown}
 n - 3 potions of curing
 p - 2 potions of heal wounds {unknown}
 w - 2 potions of haste
 z - a potion of ambrosia {unknown}
 A - 2 potions of flight {unknown}
Comestibles
 f - 11 rations


   Skills:
 * Level 7.5 Fighting
 + Level 7.9 Axes
 + Level 6.4 Armour
 + Level 6.6 Shields


You had 7 spell levels left.
You didn't know any spells.
Your spell library was empty.

Dungeon Overview and Level Annotations

Branches:
Dungeon (6/15)             Temple (0/1) D:4

Altars:
Ashenzari
Dithmenos
Fedhas
Gozag
Okawaru
Ru
Sif Muna
Trog
Uskayaw
Vehumet
Xom

Annotations:
D:6 seren's ghost, novice OgTm


Message History

Seren's ghost is moderately damaged.
Seren's ghost hits you but does no damage.
You closely miss seren's ghost.
Seren's ghost is moderately damaged.
Seren's ghost hits you.
* * * LOW HITPOINT WARNING * * *
You barely miss seren's ghost.
Seren's ghost is moderately damaged.
You block seren's ghost's attack.
Your shield and plate armour prevent you from hitting seren's ghost.
Seren's ghost is moderately damaged.
Seren's ghost says, "Very impressive.
But it won't help.
Nothing will."
You block seren's ghost's attack. x2
You hit seren's ghost.
Seren's ghost is moderately damaged.
You block seren's ghost's attack.
You miss seren's ghost.
Seren's ghost is moderately damaged.
Seren's ghost hits you!
You die...

......###)###
#.###........# #
.......#####.# #
##........# #..#######
######..#
#######.......#
#.....#..####.#
#(≈≈≈W@.......#
#.....#..>#############
#######....## #........
.........# #......##
#........# #..###.##
##.....#.# #..# #...
##...##.# #..###(##
##.###.# #......#
#.###.###.##.###


You could see seren's ghost.

Vanquished Creatures
  Purgy (Sewer)
  A phantom (D:5)
  2 ice beasts
  3 ogres
  A scorpion (D:5)
  A bullfrog zombie (D:6)
  2 jellies
  A gnoll shaman (D:3)
  2 orc priests
  An iguana (D:4)
  7 orc wizards
  Natasha (thrice) (D:4)
  3 worker ants
  A hound zombie (D:5)
  2 hound skeletons
  3 gnolls (D:3)
  10 adders
  A shadow imp (D:5)
  5 oozes
  5 worms
  3 dart slugs
  A leopard gecko (D:6)
  17 orcs
  4 ball pythons
  9 giant cockroaches
  4 goblins
  4 hobgoblins
  7 jackals
  2 quokkas
  11 bats
  14 frilled lizards
  3 kobolds
  A leopard gecko skeleton (D:5)
  3 rats
138 creatures vanquished.

Notes
Turn   | Place    | Note
-------+----------+-------------------------------------------
     0 | D:1      | jjfam the Hill Orc Fighter began the quest for the Orb.
     0 | D:1      | Reached XP level 1. HP: 19/19 MP: 1/1
   100 | D:1      | Reached XP level 2. HP: 20/27 MP: 2/2
   919 | D:2      | Reached XP level 3. HP: 16/33 MP: 3/3
  1374 | D:2      | Found a shadowy altar of Dithmenos.
  1493 | D:2      | Reached XP level 4. HP: 23/40 MP: 4/4
  2709 | D:3      | Reached XP level 5. HP: 7/47 MP: 5/5
  3034 | D:3      | Noticed an ogre
  3059 | D:3      | Killed an ogre
  3059 | D:3      | Reached skill level 5 in Fighting
  3059 | D:3      | Reached XP level 6. HP: 24/56 MP: 6/6
  3452 | D:3      | Found a bloodstained altar of Trog.
  3553 | D:3      | Found a shattered altar of Ashenzari.
  3555 | D:3      | Found a deep blue altar of Sif Muna.
  3598 | D:3      | Became a worshipper of Ashenzari the Shackled
  3609 | D:3      | Found a blossoming altar of Fedhas.
  3662 | D:3      | Reached skill level 5 in Shields
  3948 | D:3      | Reached skill level 5 in Axes
  4239 | D:4      | Reached skill level 5 in Armour
  4239 | D:4      | Reached XP level 7. HP: 59/61 MP: 7/7
  4388 | D:4      | Noticed Natasha
  4406 | D:4      | Killed Natasha
  4762 | D:4      | Noticed Natasha
  4775 | D:4      | Killed Natasha
  4852 | D:4      | Noticed Natasha
  4862 | D:4      | Killed Natasha
  5169 | D:4      | Found a staircase to the Ecumenical Temple.
  5199 | D:4      | Found an iron altar of Okawaru.
  5330 | D:5      | Entered Level 5 of the Dungeon
  5349 | D:5      | Reached * piety under Ashenzari
  5436 | D:5      | Found a shimmering altar of Xom.
  5451 | D:5      | Reached XP level 8. HP: 58/71 MP: 8/8
  6398 | D:5      | Found a hide-covered altar of Uskayaw.
  6437 | D:5      | Found a radiant altar of Vehumet.
  6544 | D:5      | Found a sacrificial altar of Ru.
  6900 | D:6      | Found an opulent altar of Gozag.
  6969 | D:6      | Found a glowing drain.
  7027 | Sewer    | Entered a sewer
  7100 | Sewer    | Noticed Purgy
  7137 | Sewer    | Killed Purgy
  7331 | D:6      | Found a runed door.
  7342 | D:6      | Noticed seren's ghost (novice OgTm)
  7384 | D:6      | Slain by seren's ghost

Vault maps used:
D:1:      mrwooster_arrival_statue_3, minmay_statues_item
D:2:      grunt_dithmenos_smoke, first_ration, kennysheep_nub
D:3:      overflow_temple_1_default, lemuel_crystal_altar,
          chequers_temple_overflow_statue_of_worship, grunt_ministairs_8
D:4:      kennysheep_mini_moat, temple_hall, uniq_natasha
D:5:      nicolae_overflow_hidden_temple, eat_drink_and_be_merry_uskayaw,
          lemuel_crystal_altar, old_standard_altar
D:6:      ebering_ghost_reflecting_pool, gup_sewer_entry_glass,
          serial_park_tiny_2, grunt_gozag_breadcrumbs, uniq_pikel,
          uniq_crazy_yiuf_cottage
Sewer:    sewer_co_purgy_island

Skill      XL: |  1  2  3  4  5  6  7  8 |
---------------+-------------------------+-----
Axes           | 3 4 5 6 7 |  7.9
Fighting       | 4 5 6 7 |  7.5
Shields        | 4 5 6 |  6.6
Armour         | 4 5 6 |  6.4

Action                   |  1- 3 |  4- 6 |  7- 9 || total
-------------------------+-------+-------+-------++-------
Melee: War axe           |   142 |   216 |   354 ||   712
Invok: Curse Item        |       |       |     1 ||     1
  Use: Potion            |       |     2 |       ||     2
       Scroll            |       |       |     3 ||     3
  Eat: Chunk             |     2 |     6 |    11 ||    19
       Ration            |       |     1 |       ||     1
Armor: Scale mail        |    61 |       |       ||    61
       Plate armour      |    37 |   124 |   169 ||   330
       Skin              |       |    16 |       ||    16
       Troll leather arm |       |       |     1 ||     1
Dodge: Dodged            |    45 |    39 |   104 ||   188
Block: Shield            |    75 |   123 |   198 ||   396

Table legend:
 A = Spawn XP
 B = Non-spawn XP
 C = Spawn XP percentage of total XP
 D = Spawn monster count
 E = Non-spawn monster count
 F = Spawn count percentage of total count
 G = Total turns spent on level
                    A         B        C        D         E        F      G
               +---------+---------+-------+---------+---------+-------+---------
         Total |       0 |    2217 |   0.0 |       0 |     138 |   0.0 |  7384
               +---------+---------+-------+---------+---------+-------+---------
           D:1 |       0 |      30 |   0.0 |       0 |      17 |   0.0 |   877
           D:2 |       0 |     106 |   0.0 |       0 |      17 |   0.0 |  1711
           D:3 |       0 |     478 |   0.0 |       0 |      36 |   0.0 |  1614
           D:4 |       0 |     518 |   0.0 |       0 |      27 |   0.0 |  1128
           D:5 |       0 |     647 |   0.0 |       0 |      17 |   0.0 |  1482
           D:6 |       0 |     296 |   0.0 |       0 |      17 |   0.0 |   414
         Sewer |       0 |     142 |   0.0 |       0 |       7 |   0.0 |   158
               +---------+---------+-------+---------+---------+-------+---------
